 Dungeon Crawl Stone Soup version 0.28.0 (webtiles) character file.

Game seed: 10320523480283429680

3788 horus123 the Destroyer (level 9, -3/52 HPs)
             Began as a Deep Elf Conjurer on Feb 9, 2022.
             Was an Initiate of Vehumet.
             Slain by a bullfrog (4 damage)
             ... on level 8 of the Dungeon.
             The game lasted 00:22:53 (9224 turns).

horus123 the Destroyer (Deep Elf Conjurer)          Turns: 9224, Time: 00:22:53

Health: -3/52      AC:  7    Str:  4    XL:     9   Next: 95%
Magic:  15/33      EV: 12    Int: 28    God:    Vehumet [......]
Gold:   483        SH:  0    Dex: 13    Spells: 3/26 levels left

rFire   . . .      SeeInvis .   u - +1 great sword (elec)
rCold   . . .      Faith    .   (shield currently unavailable)
rNeg    . . .      Spirit   .   a - +1 robe
rPois   .          Reflect  .   r - +1 hat
rElec   .          Harm     .   (no cloak)
rCorr   .          Rampage  .   i - +2 pair of gloves
Will    .....                   (no boots)
Stlth   ++........              (no amulet)
HPRegen 0.17/turn               f - ring of wizardry
MPRegen 0.23/turn               j - ring of magical power

@: no status effects
A: no striking features
a: Renounce Religion


You were on level 8 of the Dungeon.
You worshipped Vehumet.
Vehumet was noncommittal.
You visited 2 branches of the dungeon, and saw 9 of its levels.

You collected 483 gold pieces.

Inventory:

Hand Weapons
 e - a +3 vampiric short sword
 m - a +4 short sword
 s - the +7 shortbow "Igrin" {freeze, rCorr Str+2}
   (You found it on level 7 of the Dungeon)

   Any ammunition fired from it freezes those it strikes, dealing additional
   cold damage.
   It can also slow down cold-blooded creatures.
   Str:       It affects your strength (+2).
   rCorr:     It protects you from acid and corrosion.
 u - a +1 great sword of electrocution (weapon)
Armour
 a - a +1 robe (worn)
 i - a +2 pair of gloves (worn)
 r - a +1 hat (worn)
Jewellery
 f - a ring of wizardry (left hand)
 j - a ring of magical power (right hand)
 n - a ring of ice
 p - a ring of protection from cold
Scrolls
 l - 6 scrolls of fog
 q - a scroll of teleportation
Potions
 b - 2 potions of brilliance {unknown}
 c - a potion of heal wounds {unknown}
 d - a potion of attraction {unknown}
 g - 3 potions of flight {unknown}
 h - a potion of invisibility {unknown}
 k - 3 potions of curing {unknown}
 o - 2 potions of resistance {unknown}
 t - a potion of haste {unknown}


   Skills:
 - Level 4.2 Fighting
 - Level 2.4 Dodging
 - Level 2.4 Stealth
 - Level 9.0 Spellcasting
 + Level 9.6 Conjurations
 - Level 5.0 Hexes
 - Level 8.2 Fire Magic


You had 3 spell levels left.
You knew the following spells:

 Your Spells              Type           Power      Damage    Failure   Level
a - Magic Dart            Conj           100%       1d8       1%          1
b - Searing Ray           Conj           100%       2d8       1%          2
c - Fulminant Prism       Conj/Hex       26%        3d14      1%          4
d - Iskenderun's Mystic   Conj/Tloc      39%        2d9       2%          4
e - Flame Wave            Conj/Fire      58%        2d11      1%          4
f - Scorch                Fire           100%       2d10      1%          2
g - Starburst             Conj/Fire      29%        6d9       7%          6

Your spell library contained the following spells:

 Spells                   Type           Power      Damage    Failure   Level
 Dazzling Flash           Conj/Hex       100%       N/A       1%          3
 Summon Cactus Giant      Summ           6%         N/A       92%         6


Dungeon Overview and Level Annotations

Branches:
Dungeon (8/15)             Temple (1/1) D:7
   Lair: D:8-11

Altars:
Ashenzari
Cheibriados
Dithmenos
Elyvilon
Fedhas
Gozag
Hepliaklqana
Kikubaaqudgha
Makhleb
Nemelex Xobeh
Okawaru
Qazlal
Ru
Sif Muna
Trog
Uskayaw
Vehumet
Wu Jian
Xom
Yredelemnul
Zin
The Shining One

Annotations:
D:8 3 runed translucent doors, taxman66's ghost, novice MiGl


Message History

The orc warrior is burned terribly!
The orc warrior is almost dead.
The flame wave engulfs the wyvern!!
The wyvern is burned terribly!
You kill the wyvern!
Vehumet accepts your kill.
The flame wave engulfs the bullfrog!
The bullfrog is moderately wounded.
You hear a bellow!
You hear an angry buzzing noise. x2
The orc warrior is no longer more vulnerable to fire.
The orc warrior hits you with a +0 hand axe.
* * * LOW HITPOINT WARNING * * *
The bullfrog hits you.
* * * LOW HITPOINT WARNING * * *
Okay, then.
A wave of flame ripples out!
The flame wave engulfs the orc warrior!
You kill the orc warrior!
Vehumet accepts your kill.
The flame wave engulfs the bullfrog!
The bullfrog is almost dead.
You finish channelling waves of flame.
You hear an angry buzzing noise. x5
The bullfrog hits you but does no damage.
The bullfrog hits you.
* * * LOW HITPOINT WARNING * * *
Okay, then.
Casting: Flame Wave (safe; 1% risk of failure)
Confirm with . or Enter, or press ? or * to list all spells.
Aiming: Searing Ray (safe; 1% risk of failure)
Press: ? - help, Shift-Dir - straight line, f - bullfrog
Aim: a bullfrog (almost dead, 79% to hit)
The searing ray hits the bullfrog.
You kill the bullfrog!
Vehumet accepts your kill.
The searing ray hits the bullfrog!
The bullfrog is heavily wounded. (Press . to maintain the ray.)
A yak comes into view.
Okay, then.
The bullfrog hits you.
You die...

P♣♣##........#
#.#.# ##
.[..#........#
#.#.#
....+.###.##.#
#.#.#
..)..+........#
#....
....D+........#
#####
♣?..W#........#
.P♣##........#
#.........######
..........@......#
...........F).....#
..........)†......#
............))....#
........(......(..#
.................#
......).........#
.......Y.......#
..............#


You could see a yak (wandering) and a bullfrog.

Vanquished Creatures
  Joseph (D:7)
  Grinder (D:5)
  Sigmund (D:6)
  A spriggan (D:7)
  A wyvern (D:8)
  A water moccasin (D:7)
  3 orc warriors
  A necrophage (D:4)
  A sky beast (D:5)
  3 ogres
  Blork the orc (D:5)
  A kobold brigand (D:7)
  3 bullfrogs
  3 scorpions
  A wyvern skeleton (D:7)
  12 wights
  A howler monkey (D:7)
  A bullfrog zombie (D:5)
  A centaur skeleton (D:6)
  A jelly (D:7)
  2 gnoll shamans
  4 orc priests
  5 hounds
  Jessica (D:3)
  Terence (D:3)
  6 iguanas
  2 orc wizards
  Robin (D:2)
  6 gnolls
  6 adders
  6 worms
  7 dart slugs
  16 orcs
  6 endoplasms
  3 giant cockroaches
  8 hobgoblins
  16 kobolds
  4 quokkas
  9 ball pythons
  A ball python zombie (D:3)
  5 bats
  3 frilled lizards
  9 goblins
  9 rats
175 creatures vanquished.

Vanquished Creatures (others)
  6 fulminant prisms
  2 fungi (D:8)
  A plant (D:8)
9 creatures vanquished.

Grand Total: 184 creatures vanquished

Notes
Turn   | Place    | Note
-------+----------+-------------------------------------------
     0 | D:1      | horus123 the Deep Elf Conjurer began the quest for the Orb.
     0 | D:1      | Reached XP level 1. HP: 10/10 MP: 6/6
   245 | D:1      | Reached XP level 2. HP: 15/15 MP: 6/9
   248 | D:1      | Learned a level 2 spell: Searing Ray
  1001 | D:1      | Reached skill level 5 in Conjurations
  1036 | D:1      | Reached XP level 3. HP: 17/19 MP: 5/10
  1224 | D:2      | Reached skill level 1 in Hexes
  1692 | D:2      | Noticed Robin
  1700 | D:2      | Killed Robin
  1701 | D:2      | Reached XP level 4. HP: 18/24 MP: 1/12
  1800 | D:2      | Learned a level 4 spell: Fulminant Prism
  1805 | D:2      | Learned a level 4 spell: Iskenderun's Mystic Blast
  1845 | D:2      | Found a faded altar of an unknown god.
  2887 | D:3      | Reached skill level 5 in Hexes
  2887 | D:3      | Reached XP level 5. HP: 28/28 MP: 5/13
  3107 | D:3      | Noticed Terence
  3118 | D:3      | Killed Terence
  3558 | D:3      | Noticed Jessica
  3560 | D:3      | Killed Jessica
  3561 | D:3      | Reached skill level 5 in Spellcasting
  4268 | D:4      | Noticed an ogre
  4273 | D:4      | Killed an ogre
  4274 | D:4      | Reached XP level 6. HP: 32/32 MP: 10/17
  4549 | D:4      | Found a stormy altar of Qazlal.
  4676 | D:4      | Learned a level 4 spell: Flame Wave
  4753 | D:4      | Reached skill level 1 in Fighting
  4883 | D:4      | Reached XP level 7. HP: 26/40 MP: 7/19
  5224 | D:5      | Entered Level 5 of the Dungeon
  5773 | D:5      | Reached skill level 1 in Fire Magic
  5968 | D:5      | Noticed Grinder
  5974 | D:5      | Killed Grinder
  5975 | D:5      | Reached XP level 8. HP: 33/48 MP: 19/20
  6138 | D:5      | Learned a level 2 spell: Scorch
  6342 | D:5      | Reached skill level 5 in Fire Magic
  6706 | D:5      | Noticed Blork the orc
  6714 | D:5      | Killed Blork the orc
  7044 | D:6      | Noticed Sigmund
  7047 | D:6      | Killed Sigmund
  7540 | D:7      | Reached XP level 9. HP: 7/52 MP: 12/23
  7878 | D:7      | Learned a level 6 spell: Starburst
  8172 | D:7      | Noticed Joseph
  8177 | D:7      | Killed Joseph
  8348 | D:7      | Found a staircase to the Ecumenical Temple.
  8359 | Temple   | Entered the Ecumenical Temple
  8477 | Temple   | Became a worshipper of Vehumet
  8565 | D:7      | Identified the +7 shortbow "Igrin" {freeze, rCorr Str+2}
  8958 | D:8      | Identified the +3 scale mail of the Blessed Realm {Rampage
                  | Regen+ Int-3 Slay-3}
  9066 | D:8      | Found a runed translucent gate.
  9066 | D:8      | Found a runed translucent gate.
  9195 | D:8      | Noticed a nine-headed hydra
  9196 | D:8      | Found a runed translucent gate.
  9197 | D:8      | Noticed taxman66's ghost (novice MiGl)
  9222 | D:8      | HP: 1/52 [bullfrog (5)]
  9224 | D:8      | Slain by a bullfrog

Illustrated notes

Levels and vault maps discovered:
D:1:      dpeg_arrival_connections, layout_loops_ring
D:2:      layout_basic, chequers_ecumenical_altar_island, uniq_robin
D:3:      layout_loops_ring, dk_noncrumbling_2, minmay_ruptured, uniq_terence,
          uniq_jessica
D:4:      layout_basic, marbit_many_paths, hangedman_abyss_or_decor_stagger
D:5:      layout_loops_ring, bh_walls_and_bars, uniq_blork_the_orc, uniq_grinder
D:6:      layout_basic, uniq_sigmund
D:7:      layout_basic, minmay_temple_entry_junction, serial_park_tiny_pond,
          the_hattery, uniq_joseph
D:8:      layout_basic, grunt_lair_entry_orc_guard_hut,
          gammafunk_ghost_hydra_chop
Temple:   kilobyte_greek_temple

Skill      XL: |  1  2  3  4  5  6  7  8  9 |
---------------+----------------------------+-----
Spellcasting   | 4 6 7 8 9 |  9.0
Conjurations   | 5 9 |  9.6
Hexes          | 3 5 |  5.0
Fighting       | 2 4 |  4.2
Fire Magic     | 3 8 |  8.2
Dodging        | |  2.4
Stealth        | |  2.4

Action                   |  1- 3 |  4- 6 |  7- 9 || total
-------------------------+-------+-------+-------++-------
 Cast: Magic Dart        |    74 |   116 |    95 ||   285
       Searing Ray       |     3 |     9 |    11 ||    23
       Fulminant Prism   |       |     1 |     5 ||     6
       Scorch            |       |       |    73 ||    73
       Iskenderun's Myst |       |       |     2 ||     2
       Flame Wave        |       |       |     2 ||     2
Evoke: Wand              |       |       |     2 ||     2
  Use: Scroll            |       |     6 |    11 ||    17
Armor: Robe              |     1 |     4 |    15 ||    20
Dodge: Dodged            |     7 |     7 |    39 ||    53
